 Dungeon Crawl Stone Soup version 0.30-a0-591-g3c58d2bc28 (webtiles) character file.

Game seed: 7891970028742492459

11 MackTheKnife the Changer (level 2, 0/23 HPs)
             Began as a Barachi Wanderer on Jan 5, 2023.
             Slain by a jackal (2 damage)
             ... on level 2 of the Dungeon.
             The game lasted 00:02:31 (487 turns).

MackTheKnife the Changer (Barachi Wanderer)          Turns: 487, Time: 00:02:32

Health: 0/23       AC:  2    Str: 13    XL:     2   Next: 25%
Magic:  3/3        EV: 11    Int: 13    God:
Gold:   18         SH:  0    Dex: 10    Spells: 1/3 levels left

rFire   . . .      SeeInvis .    i - +0 mace {mace}
rCold   . . .      Faith    .    (no shield)
rNeg    . . .      Spirit   .    c - +0 robe
rPois   .          Reflect  .    (no helmet)
rElec   .          Harm     .    (no cloak)
rCorr   .          Rampage  .    (no gloves)
Will    .....                    (no boots)
Stlth   +                        (no amulet)
HPRegen 0.23/turn                (no ring)
MPRegen 0.08/turn                (no ring)

@: brilliant, unable to hop, slow
A: amphibious, slowness 1, strong legs 1, +LOS
a: Hop


You were on level 2 of the Dungeon.
You visited 1 branch of the dungeon, and saw 2 of its levels.

You collected 18 gold pieces.


Innate Abilities, Weirdness & Mutations

You are amphibious.
You cover ground slowly.
You can hop short distances.
You have an extended range of vision and can be seen from far away.


   Skills:
 + Level 2.7 Fighting
 - Level 1.1 Spellcasting
 - Level 3.2 Hexes
 - Level 3.2 Transmutations
 - Level 2.1 Evocations


You had one spell level left.
You knew the following spells:

 Your Spells              Type           Power      Damage    Failure   Level
a - Beastly Appendage     Tmut           26%        N/A       8%          1
b - Slow                  Hex            52%        N/A       8%          1

Your spell library contained the following spells:

 Spells                   Type           Power      Damage    Failure   Level
 Sandblast                Erth           2%         2d4       28%         1
 Passwall                 Tmut/Erth      5%         N/A       22%         2
 Tukima's Dance           Hex            13%        N/A       22%         3
 Blink                    Tloc           2%         N/A       38%         2
 Momentum Strike          Conj/Tloc      2%         3d8       38%         2
 Dazzling Flash           Conj/Hex       14%        N/A       38%         3
 Ignite Poison            Fire/Tmut/Pois 5%         N/A       47%         3
 Lesser Beckoning         Tloc           2%         N/A       63%         3
 Stone Arrow              Conj/Erth      2%         3d7       63%         3

Inventory:

Hand Weapons
 i - a +0 mace (weapon) {mace}
   (You found it on level 1 of the Dungeon)
Missiles
 f - 5 stones {throwing}
 g - 2 poisoned darts {throwing}
Armour
 c - a +0 robe (worn)
Magical Staves
 k - a staff of air {!astaff}
   (You found it on level 1 of the Dungeon)
Wands
 d - a wand of polymorph (6) (quivered)
Scrolls
 b - a scroll of fear
 j - a scroll of poison {unknown}
Potions
 e - a potion of heal wounds {unknown}
 h - a potion of curing {unknown}

Dungeon Overview and Level Annotations

Branches:
Dungeon (2/15) Zot: 11432

Altars:

Shops:
D:1

? ...
...
#..
#..
#.#
##.##
...
#h#
#@#
#.#
..#
....
.####
.# .#
.# #.


You could see a jackal.


Message History

You hit the jackal but do no damage. You claw the jackal, but do no damage.
Your headbutt misses the jackal. The jackal misses you.
The jackal bites you. 😮 HP[-2]
You take 2 damage, and now have 15/23 hp.
You hit the jackal. Your kick misses the jackal.
Your transformation is almost over.
The jackal bites you. x2 😮 HP[-2]
You take 2 damage, and now have 13/23 hp.
You closely miss the jackal. Your kick misses the jackal.
The jackal barely misses you. The jackal closely misses you. 😮 MP[+1]
Your mp is fully restored (3).
You closely miss the jackal. Your headbutt misses the jackal.
The jackal barely misses you. x2
You barely miss the jackal. Your headbutt misses the jackal.
The jackal barely misses you. The jackal closely misses you. 😮 HP[+1]
You hit the jackal.
You kill the jackal!
The jackal closely misses you.
You closely miss the jackal. Your kick misses the jackal.
Your headbutt misses the jackal.
The jackal bites you but does no damage.
The jackal closely misses you.
You hit the jackal. You claw the jackal, but do no damage.
Your horns disappear.
Your talons disappear.
The jackal bites you. The jackal closely misses you.
You hit the jackal.
The jackal bites you but does no damage.
The jackal bites you. 😮 HP[-2]
You take 2 damage, and now have 12/23 hp.
Casting: Beastly Appendage (safe; 8% risk of failure)
Confirm with . or Enter, or press ? or * to list all spells.
Okay, then.
You hit the jackal but do no damage. The jackal bites you.
* * * LOW HITPOINT WARNING * * *
The jackal bites you.
* * * LOW HITPOINT WARNING * * *
😨 HP[-3]
You take 3 damage, and now have 9/23 hp.
You hit the jackal.
You kill the jackal!
The jackal closely misses you. 😨 HP[+1]
Casting: Beastly Appendage (safe; 8% risk of failure)
Confirm with . or Enter, or press ? or * to list all spells.
Aiming: Slow (safe; 8% risk of failure)
Press: ? - help, Shift-Dir - straight line, f - jackal
Aim: a jackal (chance to affect: 61%)
The jackal seems to slow down.
The jackal barely misses you. 😨 MP[-1]
You lost 1 mp, and now have 2/3 mp.
Unknown command.
You closely miss the jackal. The jackal bites you.
* * * LOW HITPOINT WARNING * * *
The jackal bites you.
* * * LOW HITPOINT WARNING * * *
😨 HP[-4]
You take 4 damage, and now have 6/23 hp.
You closely miss the jackal.
The jackal bites you but does no damage.
You barely miss the jackal.
The jackal bites you but does no damage.
A dart slug comes into view.
The jackal bites you.
* * * LOW HITPOINT WARNING * * *
😱 HP[-1]
You take 1 damage, and now have 5/23 hp.
You miss the jackal. The jackal closely misses you.
You hit the jackal. The jackal bites you.
* * * LOW HITPOINT WARNING * * *
😱 HP[-1]
You take 1 damage, and now have 4/23 hp.
Hop to where?
Press: ? - help, Dir - move target, p - jackal
Okay, then.
Unknown command.
Hop to where?
Press: ? - help, Dir - move target, p - jackal Boing!
The jackal is no longer moving slowly. 😱 HP[+1] Unknown command.
There is a stone staircase leading down here.
The jackal bites you.
* * * LOW HITPOINT WARNING * * *
The jackal bites you.
* * * LOW HITPOINT WARNING * * *
You climb downwards.
There is a stone staircase leading up here. 😱 HP[-4] MP[+1]
You take 4 damage, and now have 1/23 hp.
Your mp is fully restored (3).
Unknown command.
Unknown command.
It was a potion of brilliance.
You feel clever all of a sudden. The jackal bites you.
You die...

Skill      XL: |  1 |
---------------+----+-----
Fighting       | 2 |  2.7
Spellcasting   | |  1.1
Hexes          | |  3.2
Transmutations | |  3.2
Evocations     | |  2.1

Action                   || total
-------------------------++-------
Melee: Mace              ||    39
       Club              ||     6
       Headbutt          ||     1
       Kick              ||     3
 Cast: Slow              ||     8
       Beastly Appendage ||     3
 Abil: Hop               ||     1
  Use: Potion            ||     1
Armor: Robe              ||    12
Dodge: Dodged            ||    35

Levels and vault maps discovered:
D:1:      lightli_arrival_lavapool, layout_loops_ring, serial_shops, shop
D:2:      minmay_diamond_boxcup, layout_loops_ring, serial_shops,
          nicolae_square_shop, basic_altar,
          shapermc_ecumenical_altar_mp_urbaneastern

Notes
Turn   | Place    | Note
-------+----------+-------------------------------------------
     0 | D:1      | MackTheKnife the Barachi Wanderer began the quest for the
                  | Orb.
     0 | D:1      | MackTheKnife set off with the following items: a +0 club
                  | {mace}, a scroll of fear, a +0 robe, a wand of polymorph
                  | (6); and the following spells available to memorise:
                  | Beastly Appendage, Slow, Tukima's Dance, Dazzling Flash,
                  | Ignite Poison.
     0 | D:1      | Reached XP level 1. HP: 15/15 MP: 2/2
     0 | D:1      | magus.rc [v1.9.6]
    16 | D:1      | Learned a level 1 spell: Beastly Appendage
    18 | D:1      | Learned a level 1 spell: Slow
   117 | D:1      | You pick up a book of Spatial Translocations and begin
                  | reading...
   117 | D:1      | You add the spells Blink, Momentum Strike and Lesser
                  | Beckoning to your library.
   297 | D:1      | Found Zasisuan's Magic Scroll Emporium.
   316 | D:1      | Reached skill level 2 in Fighting
   350 | D:1      | Reached XP level 2. HP: 23/23 MP: 3/3
   356 | D:1      | You pick up a book of Geomancy and begin reading...
   356 | D:1      | You add the spells Sandblast, Passwall and Stone Arrow to
                  | your library.
   480 | D:1      | HP: 5/23 [jackal (2)]
   485 | D:1      | HP: 3/23 [jackal (2)]
   485 | D:1      | HP: 1/23 [jackal (2)]
   487 | D:2      | Slain by a jackal

Vanquished Creatures
  A ball python (D:1)
  An endoplasm (D:1)
  A hobgoblin (D:1)
  2 jackals (D:1)
  A bat (D:1)
  3 kobolds (D:1)
  A rat (D:1)
10 creatures vanquished.

Table legend:
 A = Non-vault XP
 B = Vault XP
 C = Vault XP percentage of total XP
 D = Non-vault monster count
 E = Vault monster count
 F = Vault count percentage of total count
                 A         B        C        D         E       F
            +---------+---------+-------+---------+---------+-------
      Total |      16 |       0 |   0.0 |      10 |       0 |   0.0
            +---------+---------+-------+---------+---------+-------
        D:1 |      16 |       0 |   0.0 |      10 |       0 |   0.0
            +---------+---------+-------+---------+---------+-------

Illustrated notes

Table legend:
 A = Kills in this place as a percentage of kills in entire the game.
 B = Kills by you in this place as a percentage of kills by you in the entire game.
 C = Kills by friends in this place as a percentage of kills by friends in the entire game.
 D = Other kills in this place as a percentage of other kills in the entire game.
 E = Experience gained in this place as a percentage of experience gained in the entire game.
 F = Experience gained in this place divided by the number of levels of this place that you have seen.
                   A       B       C       D       E      F
               +-------+-------+-------+-------+-------+----------------------
         Total | 100.0 | 100.0 |   N/A |   N/A | 100.0 |   8.0
       Dungeon | 100.0 | 100.0 |   N/A |   N/A | 100.0 |   8.0
               +-------+-------+-------+-------+-------+----------------------

Table legend: (Time is in decaauts)
 A = Elapsed time spent in this place.
 B = Non-inter-level travel time spent in this place.
 C = Inter-level travel time spent in this place.
 D = Time resting spent in this place.
 E = Time spent auto-exploring this place.
 F = Levels seen in this place.
 G = Mean time per level.
                   A        B        C        D        E       F      G
               +--------+--------+--------+--------+--------+-----+--------+
         Total |    566 |    566 |      0 |     83 |    306 |   2 |  283.0 |
       Dungeon |    566 |    566 |      0 |     83 |    306 |   2 |  283.0 |
               +--------+--------+--------+--------+--------+-----+--------+

Top non-repeatable levels by time:
     D:1: 566 daAuts
     D:2: 0 daAuts
